 Dungeon Crawl Stone Soup version 0.19-a0-1107-gc676ff4 (webtiles) character file.

1724 FrancescoMac the Cudgeler (level 8, -2/109 HPs)
             Began as a Minotaur Berserker on Aug 9, 2016.
             Was an Elder of Trog.
             Slain by Prince Ribbit (7 damage)
             ... on level 7 of the Dungeon.
             The game lasted 00:16:39 (5423 turns).

FrancescoMac the Cudgeler (Minotaur Berserker)      Turns: 5423, Time: 00:16:40

Health: -2/109     AC:  5    Str: 26    XL:     8   Next: 75%
Magic:  7/7        EV: 15    Int:  5    God:    Trog [****..]
Gold:   399        SH:  4    Dex: 12    Spells: 0 memorised, 7 levels left

rFire  + . .     SeeInvis .     o - +1 whip (elec)
rCold  + . .     Gourm    .     e - +2 robe {rF+}
rNeg   . . .     Faith    .     (no shield)
rPois  .         Spirit   .     (helmet restricted)
rElec  .         Dismiss  .     O - +0 cloak
rCorr  +         Reflect  +     (no gloves)
SustAt .         Harm     .     (no boots)
MR     .....                    K - +4 amulet of reflection
Stlth  ..........               J - ring of protection from cold
                                m - ring of resist corrosion

@: berserking (expiring), very quick
A: retaliatory headbutt, horns 2
a: Berserk, Trog's Hand, Brothers in Arms, Burn Spellbooks, Renounce Religion


You were on level 7 of the Dungeon.
You worshipped Trog.
Trog was greatly pleased with you.
You were not hungry.

You visited 2 branches of the dungeon, and saw 8 of its levels.

You collected 399 gold pieces.

Inventory:

Hand Weapons
 a - a +0 mace
 o - a +1 whip of electrocution (weapon)
Armour
 b - a +1 animal skin
 e - a +2 robe of fire resistance (worn)
 O - a +0 cloak (worn)
Jewellery
 m - a ring of resist corrosion (left hand)
 r - an uncursed ring of magical power
 J - a ring of protection from cold (right hand)
 K - a +4 amulet of reflection (around neck)
Wands
 y - a wand of confusion (9/48)
 E - a wand of acid (11/15)
 L - a wand of enslavement (13/24)
Scrolls
 f - 2 scrolls of noise
 h - 2 scrolls of recharging
 i - a scroll of enchant armour
 u - a scroll of enchant weapon
 w - 2 scrolls of fear
 B - 2 scrolls of remove curse
 G - 4 scrolls of teleportation
Potions
 d - 3 potions of mutation
 g - a potion of might {unknown}
 j - a potion of cure mutation {unknown}
 k - 3 potions of haste
 n - a potion of magic {unknown}
 q - a potion of degeneration {unknown}
 s - a potion of curing {unknown}
 t - a potion of berserk rage {unknown}
 x - a potion of beneficial mutation {unknown}
 z - 2 potions of flight {unknown}
 C - 2 potions of agility {unknown}
 D - 2 potions of heal wounds {unknown}
 F - 3 potions of resistance
Comestibles
 c - 6 bread rations
 l - 2 royal jellies
 p - 6 meat rations
 A - 9 fruits
 H - 3 slices of pizza


   Skills:
 + Level 7.6 Fighting
 + Level 7.6 Maces & Flails
 + Level 7.1 Armour
 + Level 6.6 Dodging


You had 7 spell levels left.
You didn't know any spells.

Dungeon Overview and Level Annotations

Branches:
Dungeon (7/15)             Temple (1/1) D:6

Altars:
Ashenzari
Cheibriados
Dithmenos
Elyvilon
Fedhas
Gozag
Hepliaklqana
Kikubaaqudgha
Makhleb
Nemelex Xobeh
Okawaru
Pakellas
Qazlal
Ru
Sif Muna
Trog
Uskayaw
Vehumet
Xom
Yredelemnul
Zin
The Shining One

Shops:
D:4 }

Annotations:
D:7 Prince Ribbit


Innate Abilities, Weirdness & Mutations

You reflexively headbutt those who attack you in melee.
You have a pair of horns on your head.


Message History

You feel yourself moving faster!
You feel mighty!
You feel somewhat more hungry. Prince Ribbit hits you!
* * * LOW HITPOINT WARNING * * *
You are too injured to fight recklessly!
You are too injured to fight recklessly!
You are too injured to fight recklessly!
You whack Prince Ribbit!
Prince Ribbit is moderately wounded.
Prince Ribbit blinks!
You feel a strong urge to attack something.
You are too injured to fight recklessly!
You are too injured to fight recklessly!
Prince Ribbit hits you!
* * * LOW HITPOINT WARNING * * *
You miss Prince Ribbit. Your headbutt misses Prince Ribbit.
Prince Ribbit is moderately wounded.
You whack Prince Ribbit! Your headbutt misses Prince Ribbit.
Prince Ribbit is heavily wounded.
Prince Ribbit hits you!
You die...

,,,,,,,,,,,,** #........#
,,,,,,,,,..,,* #........#
,,,,,,,,,...,* #..[.....#
,,,,,,,,,....* #......<.##
,,,,,,,,,....######.........#####
,,,,,,,,,........................
,,,,,,,,,,.....####.##########...
,,,,,,,,,,..##.F##..# ###.
,,,,,*,,,,,***#.@..## ##
**,,,*###########..#### #
*,,,,......>..##....)###########
*,,,#########.......))..........
****,....######...#####).##......
****####........### #.....##.##
,,,,.........##########.##..#....
*****###.##.............###....##
* ##.>##.#####......(.......#


You could see Prince Ribbit.

Vanquished Creatures
  Grinder (D:6)
  The ghost of 4thArraOfDagon the Ruffian, an amateur TrAM (D:7)
  An ice beast (D:6)
  A black bear (D:7)
  An ogre (D:5)
  A centaur (D:7)
  A giant frog (D:7)
  A scorpion (D:6)
  3 howler monkeys
  A crimson imp (D:6)
  A giant frog zombie (D:6)
  A centaur skeleton (D:7)
  An orc priest (D:7)
  A hound (D:6)
  2 giant frog skeletons (D:5)
  2 iguanas
  4 orc wizards
  3 worker ants
  A howler monkey zombie (D:6)
  A worker ant zombie (D:6)
  11 gnolls
  12 adders
  An ooze (D:1)
  An adder zombie (D:6)
  A worm (D:3)
  3 dart slugs
  2 giant geckos
  9 orcs
  A ball python (D:2)
  7 bats
  2 giant cockroaches
  13 goblins
  11 hobgoblins
  6 jackals
  6 kobolds
  5 quokkas
  4 giant newts
  A jackal zombie (D:4)
  A quokka skeleton (D:4)
  11 rats
137 creatures vanquished.

Notes
Turn   | Place    | Note
-------+----------+-------------------------------------------
     0 | D:1      | FrancescoMac the Minotaur Berserker began the quest for the Orb.
     0 | D:1      | Reached XP level 1. HP: 19/19 MP: 0/0
    54 | D:1      | Reached XP level 2. HP: 24/27 MP: 1/1
   565 | D:1      | Reached XP level 3. HP: 27/33 MP: 2/2
   736 | D:2      | Reached ** piety under Trog
   741 | D:2      | Reached XP level 4. HP: 7/40 MP: 3/3
  1759 | D:2      | Reached XP level 5. HP: 33/47 MP: 4/4
  2093 | D:3      | Found a glowing silver altar of Zin.
  2093 | D:3      | Found a shimmering altar of Xom.
  2093 | D:3      | Noticed an angel
  2127 | D:3      | Reached *** piety under Trog
  2588 | D:4      | Reached skill level 5 in Fighting
  2595 | D:4      | Reached skill level 5 in Maces & Flails
  2696 | D:4      | Found Koygiat's Gadget Emporium.
  2702 | D:4      | Reached XP level 6. HP: 45/56 MP: 5/5
  3640 | D:5      | Entered Level 5 of the Dungeon
  3725 | D:5      | Found a sacrificial altar of Ru.
  3879 | D:5      | Reached skill level 5 in Armour
  4069 | D:5      | Reached XP level 7. HP: 62/62 MP: 6/6
  4205 | D:6      | Reached skill level 5 in Dodging
  4213 | D:6      | Reached **** piety under Trog
  4499 | D:6      | Noticed Grinder
  4503 | D:6      | Paralysed by Grinder for 3 turns
  4514 | D:6      | Killed Grinder
  4514 | D:6      | Reached XP level 8. HP: 52/71 MP: 7/7
  4515 | D:6      | Found a staircase to the Ecumenical Temple.
  4536 | Temple   | Entered the Ecumenical Temple
  5049 | D:7      | Noticed 4thArraOfDagon's ghost (amateur TrAM)
  5172 | D:7      | Killed 4thArraOfDagon's ghost
  5248 | D:7      | Found an opulent altar of Gozag.
  5248 | D:7      | Found a stormy altar of Qazlal.
  5249 | D:7      | Found a hide-covered altar of Uskayaw.
  5251 | D:7      | Found a glowing golden altar of the Shining One.
  5251 | D:7      | Found a snail-covered altar of Cheibriados.
  5251 | D:7      | Found a white marble altar of Elyvilon.
  5252 | D:7      | Found a burning altar of Makhleb.
  5401 | D:7      | Noticed Prince Ribbit
  5421 | D:7      | HP: 4/109 [Prince Ribbit (12)]
  5423 | D:7      | Slain by Prince Ribbit

Vault maps used:
D:1:      dpeg_arrival_solitude
D:2:      first_bread, serial_bayou_pond_c
D:3:      grunt_temple_overflow_order_and_chaos_1, kennysheep_generic_room_13
D:4:      serial_shops, nicolae_shop_stone
D:5:      nicolae_ru_sacrificial_ziggurat
D:6:      uniq_grinder
D:7:      grunt_temple_overflow_open, uniq_prince_ribbit1
Temple:   nicolae_temple_god_jail

Skill      XL: |  1  2  3  4  5  6  7  8 |
---------------+-------------------------+-----
Armour         | 3 4 5 6 7 |  7.1
Maces & Flails | 4 5 6 7 |  7.6
Dodging        | 3 4 5 6 |  6.6
Fighting       | 4 5 6 7 |  7.6

Action                   |  1- 3 |  4- 6 |  7- 9 || total
-------------------------+-------+-------+-------++-------
Melee: Mace              |    55 |       |       ||    55
       Headbutt          |    10 |    19 |    24 ||    53
       Whip              |       |   217 |   124 ||   341
Invok: Berserk           |     1 |       |     2 ||     3
  Use: Scroll            |       |    10 |     5 ||    15
  Eat: Chunk             |       |    10 |     5 ||    15
       Pizza             |       |     1 |       ||     1
Armor: Animal skin       |    10 |    23 |       ||    33
       Robe              |       |    24 |    15 ||    39
Dodge: Dodged            |    53 |    99 |    71 ||   223
Block: Other             |       |       |     6 ||     6
